Map: Ascension to Aiur LE

Players

Altair

  • Race: Terran Terran
  • League: Diamond
  • Spawn Location: 5:00

Dessa - Winner!

  • Race: Zerg Zerg
  • League: Diamond
  • Spawn Location: 11:00

VOD

Have the link to the VOD?

Description

Time

  • Played on: Dec. 12, 2017, 1:01 p.m.
  • Length: 21:42
Show
View Real Time Build Order
Export as new Build Order

Altair Terran 

Build Orders: Reaper Expand 

Get SALT Encoding   

  12  0:01  SCV  
  13  0:13  SCV  
  14  0:18  Supply Depot  
  14  0:26  SCV  
  15  0:37  Refinery  
  15  0:39  SCV  
  16  0:45  Barracks  
  16  0:51  SCV  
  17  1:03  SCV  
  18  1:15  SCV  
  19  1:31  Orbital Command  
  19  1:32  Reaper  
  20  1:55  Command Center  
  20  2:01  SCV  
  21  2:08  Supply Depot  
  21  2:12  Factory  
  21  2:15  SCV  
  22  2:23  Refinery  
  22  2:27  SCV  
  23  2:35  Barracks Reactor  
  23  2:39  SCV  
  25  2:51  SCV  
  24  3:13  Starport  
  24  3:14  Orbital Command  
  24  3:16  SCV  
  25  3:26  Hellion x2  
  29  3:28  SCV  
  29  3:30  Barracks Tech Lab  
  29  3:34  Supply Depot  
  30  3:41  SCV  
  31  3:43  SCV  
  31  3:47  Hellion x2  
  35  3:53  SCV  
  35  3:57  SCV  
  36  4:05  SCV  
  36  4:06  Armory  
  36  4:09  Hellion x2, SCV  
  42  4:15  Barracks Tech Lab  
  42  4:18  Supply Depot  
  42  4:20  Supply Depot  
  42  4:23  Viking  
  44  4:25  SCV  
  44  4:26  SCV  
  44  4:30  Hellion x2  
  50  4:37  SCV  
  50  4:38  SCV  
  52  4:50  SCV x2  
  52  4:51  Hellion x2  
  58  4:55  Barracks Reactor  
  50  5:10  Raven  
  50  5:12  SCV x2, Factory  
  50  5:13  Hellion x2  
  54  5:14  Refinery  
  54  5:15  Factory  
  54  5:22  Supply Depot  
  54  5:24  SCV, Supply Depot  
  54  5:25  SCV  
  54  5:27  Refinery  
  56  5:44  Hellion x2  
  56  5:48  SCV x2  
  62  6:00  SCV x2  
  62  6:12  Hellion x2  
  66  6:20  Terran Vehicle Weapons Level 1  
  66  6:23  Armory  
  66  6:26  Thor x2  
  66  6:30  Medivac  
  66  6:31  SCV  
  66  6:32  SCV  
  82  6:33  Command Center  
  82  6:43  SCV  
  82  6:44  SCV  
  84  7:04  Medivac  
  86  7:09  Supply Depot  
  86  7:10  Supply Depot  
  86  7:20  Hellion  
  86  7:21  Hellion  
  80  7:22  Thor  
  80  7:24  Liberator, Thor  
  80  7:28  Terran Vehicle And Ship Armor Level 1  
  82  7:30  Engineering Bay  
  82  7:41  Hellion  
  82  7:43  Hellion  
  89  7:46  SCV x2  
  89  7:49  Supply Depot  
  89  7:50  Supply Depot  
  91  8:03  Hellion, Missile Turret  
  91  8:04  Hellion  
  91  8:05  Missile Turret  
  95  8:09  Siege Tank x2  
  95  8:11  Orbital Command  
  101  8:17  Infernal Pre-Igniter  
  101  8:23  SCV x2  
  107  8:31  Widow Mine  
  107  8:32  Widow Mine  
  107  8:36  Orbital Command  
  107  8:37  Missile Turret  
  107  8:38  Missile Turret x3  
  107  8:39  Missile Turret  
  107  8:42  Missile Turret  
  107  8:46  Siege Tank x2  
  107  8:48  Missile Turret  
  117  8:55  Hellion x2  
  114  9:15  Hellion  
  114  9:16  Hellion x5  
  118  9:17  Hellion x2  
  118  9:18  Command Center  
  118  9:31  Command Center  
  118  9:34  Sensor Tower  
  114  10:18  Siege Tank x2  
  114  10:20  Hellion x2  
  114  10:23  Terran Vehicle And Ship Armor Level 2, Terran Vehicle Weapons Level 2  
  114  10:30  SCV  
  114  10:31  SCV  
  116  10:49  Hellion x2  
  120  10:50  Missile Turret  
  120  10:52  Thor x2, Factory, Sensor Tower  
  120  10:54  Missile Turret, Factory  
  120  10:55  Missile Turret  
  101  11:08  Orbital Command  
  91  11:18  Hellion x2  
  95  11:26  SCV  
  95  11:27  SCV x2  
  98  11:35  Thor  
  98  11:38  SCV  
  98  11:39  SCV  
  106  11:46  Refinery  
  106  11:48  Missile Turret  
  106  11:50  Refinery  
  106  11:58  Factory Tech Lab  
  106  11:59  Liberator  
  106  12:10  Factory Reactor  
  106  12:13  Supply Depot  
  106  12:15  Supply Depot  
  106  12:17  Viking  
  111  12:30  Hellion x2  
  111  12:31  Siege Tank  
  111  12:32  Siege Tank x2  
  124  12:39  Factory  
  124  12:42  Terran Vehicle Weapons Level 3  
  124  12:54  Liberator  
  124  13:08  Hellion x4  
  124  13:09  Thor  
  124  13:10  Siege Tank x2  
  145  13:23  Starport  
  145  13:29  Missile Turret  
  145  13:30  Missile Turret  
  145  13:31  Supply Depot  
  145  13:34  Cyclone  
  145  13:35  Cyclone  
  145  13:40  Hellion x5  
  151  13:44  Planetary Fortress  
  151  13:56  Supply Depot  
  151  14:00  Sensor Tower  
  151  14:08  SCV x2  
  151  14:09  SCV  
  154  14:18  Siege Tank  
  154  14:19  Siege Tank x2  
  154  14:20  SCV  
  154  14:22  Terran Vehicle And Ship Armor Level 3  
  154  14:33  Cyclone  
  157  14:43  Refinery, Missile Turret  
  157  14:47  Missile Turret x2  
  157  14:51  Sensor Tower  
  157  14:56  Refinery  
  157  15:05  Sensor Tower  
  138  15:21  Hellion x4  
  107  15:22  Siege Tank x3  
  108  15:33  Orbital Command  
  108  15:48  SCV  
  108  15:49  SCV x2  
  111  15:56  Hellion, Cyclone  
  116  15:57  Hellion, Cyclone  
  116  15:59  Thor  
  116  16:01  SCV x3  
  127  16:10  Siege Tank  
  130  16:12  Siege Tank  
  133  16:30  SCV x3  
  133  16:32  Viking  
  130  16:43  Siege Tank x2  
  136  17:03  SCV  
  136  17:04  SCV x2  
  139  17:12  Supply Depot x2  
  139  17:40  Viking x2  
  91  17:58  Thor x3  
  85  18:00  Hellion x4  
  88  18:12  Command Center  
  81  18:14  Viking  
  81  18:15  Viking  
  81  18:16  Starport Reactor  
  85  18:20  Missile Turret  
  85  18:21  Missile Turret  
  85  18:24  Missile Turret  
  85  18:33  Hellion x3  
  85  18:34  Hellion  
  87  18:56  Hellion x2  
  87  18:57  Hellion x2, Refinery  
  87  18:59  Refinery  
  87  19:00  Sensor Tower  
  93  19:02  Orbital Command  
  93  19:03  Viking x2  
  93  19:05  Viking  
  99  19:24  Siege Tank x2  
  105  19:25  Siege Tank  
  77  19:53  Viking  
  77  19:54  Viking x2  
  80  20:00  Siege Tank  
  80  20:01  Siege Tank  
  76  20:24  Thor  
  49  20:46  Viking x2  
  51  20:58  Siege Tank  
  51  20:59  Siege Tank  
  51  21:03  Hellion  
  61  21:04  Hellion  
Show
View Real Time Build Order
Export as new Build Order

Dessa Zerg - Winner!

Build Orders: Hatch First, Muta Ling Bane 

Get SALT Encoding   

  12  0:01  Drone  
  13  0:12  Overlord  
  13  0:17  Drone  
  14  0:31  Drone x2  
  14  0:35  Drone  
  17  0:54  Hatchery  
  16  0:58  Drone  
  16  1:02  Extractor  
  16  1:03  Drone  
  17  1:17  Spawning Pool  
  16  1:22  Drone  
  17  1:32  Drone  
  18  1:33  Overlord  
  18  1:39  Drone  
  19  1:52  Drone  
  20  2:03  Queen  
  20  2:05  Metabolic Boost  
  20  2:07  Zergling x2  
  23  2:10  Queen  
  25  2:18  Drone  
  25  2:19  Drone  
  25  2:22  Drone  
  28  2:40  Drone  
  28  2:41  Queen  
  31  2:44  Overlord  
  31  3:08  Drone x2  
  31  3:10  Drone x4  
  37  3:24  Hatchery  
  37  3:26  Drone  
  37  3:27  Drone x4  
  39  3:28  Overlord  
  40  3:55  Zergling x2  
  40  3:56  Zergling x2  
  40  3:59  Extractor x2  
  40  4:05  Drone x3  
  40  4:06  Drone x3  
  40  4:07  Zergling x2  
  40  4:08  Lair  
  47  4:11  Baneling Nest  
  47  4:12  Extractor  
  47  4:13  Drone x2  
  47  4:16  Queen  
  49  4:34  Drone x3  
  49  4:35  Overlord  
  52  4:39  Drone x2  
  52  4:40  Evolution Chamber  
  52  4:42  Evolution Chamber  
  52  4:45  Queen  
  53  5:22  Drone  
  53  5:23  Drone  
  53  5:24  Spire  
  54  5:36  Zerg Ground Armor Level 1, Zerg Melee Weapons Level 1  
  54  5:42  Pneumatized Carapace  
  54  5:43  Drone x4  
  54  5:44  Overlord  
  54  5:45  Overlord  
  54  5:46  Overlord  
  57  6:15  Zergling x6  
  57  6:16  Zergling x12  
  66  6:26  Drone  
  66  6:27  Drone x6  
  66  6:29  Extractor, Overlord x2  
  66  6:31  Extractor  
  71  6:33  Centrifical Hooks  
  71  6:39  Mutalisk  
  73  6:47  Mutalisk x4  
  73  6:48  Mutalisk x3  
  87  6:55  Zergling x2  
  87  6:57  Overlord  
  87  6:59  Overlord  
  88  7:01  Mutalisk  
  88  7:31  Zergling x8  
  88  7:35  Drone x3  
  88  7:36  Drone x2  
  97  7:37  Overlord x3  
  97  7:40  Zerg Melee Weapons Level 2  
  97  7:41  Zerg Ground Armor Level 2  
  97  7:46  Infestation Pit  
  96  7:58  Hatchery, Extractor  
  94  8:02  Extractor  
  94  8:04  Drone x2  
  94  8:05  Drone  
  96  8:06  Drone x3  
  96  8:07  Drone, Overlord  
  96  8:08  Overlord  
  100  8:25  Hive  
  100  8:43  Drone  
  100  8:44  Roach Warren  
  100  8:45  Drone x3  
  100  8:46  Drone  
  100  8:47  Zergling x10  
  100  8:48  Zergling x16  
  116  8:49  Zergling x2  
  118  9:12  Queen  
  120  9:25  Glial Reconstitution  
  120  9:48  Roach x2  
  120  9:49  Roach x9  
  142  10:26  Drone  
  142  10:27  Overlord x4  
  101  11:02  Zergling x6  
  101  11:03  Zergling x18, Roach x7  
  101  11:04  Roach x4, Zergling x6  
  117  11:25  Zerg Melee Weapons Level 3, Zerg Ground Armor Level 3  
  113  11:31  Adrenal Glands  
  113  11:35  Ultralisk Cavern  
  112  11:44  Drone x3  
  112  11:45  Drone x2, Overlord  
  112  11:46  Overlord  
  117  11:47  Drone  
  117  11:53  Zergling x10  
  123  12:09  Overlord x2  
  123  12:29  Chitinous Plating  
  123  12:31  Ultralisk x7  
  123  12:32  Ultralisk x5  
  194  13:06  Burrow  
  175  13:27  Hydralisk Den  
  174  13:40  Drone x2  
  176  13:46  Extractor  
  176  13:47  Hatchery  
  174  13:52  Extractor  
  173  13:58  Hydralisk x13, Muscular Augments  
  199  14:02  Zerg Missile Weapons Level 1  
  199  14:08  Greater Spire  
  199  14:39  Overlord x2  
  127  15:22  Ultralisk  
  127  15:23  Ultralisk x2  
  105  15:28  Corruptor x4  
  105  15:29  Corruptor x7  
  119  15:46  Hydralisk x4  
  119  15:47  Hydralisk x4  
  119  15:48  Corruptor x2  
  136  15:52  Zerg Flyer Weapons Level 1  
  136  16:01  Spore Crawler  
  136  16:02  Spore Crawler  
  136  16:03  Spore Crawler  
  133  16:05  Brood Lord x4  
  133  16:06  Brood Lord x3  
  133  16:07  Corruptor, Brood Lord  
  151  16:12  Zergling x6  
  151  16:13  Zergling x24  
  151  16:14  Zergling x28  
  180  16:20  Corruptor x2  
  173  16:34  Queen  
  175  16:54  Drone x3  
  178  16:55  Drone x3  
  174  17:36  Hydralisk x2  
  174  17:37  Hydralisk x4  
  134  17:59  Corruptor x2  
  134  18:00  Corruptor x2  
  138  18:07  Zergling x16  
  138  18:08  Roach x2, Hydralisk x2  
  154  18:23  Corruptor x2  
  154  18:25  Zergling x6  
  154  18:26  Roach x2  
  165  18:37  Drone  
  165  18:38  Drone x3  
  152  19:00  Zerg Flyer Weapons Level 2  
  152  19:01  Zerg Missile Weapons Level 2  
  152  19:11  Corruptor x2  
  152  19:14  Brood Lord x2  
  152  19:16  Corruptor x2  
  164  19:18  Zergling x6  
  164  19:19  Zergling x4  
  169  19:29  Extractor, Hatchery  
  166  19:32  Extractor  
  155  19:44  Brood Lord  
  140  19:52  Brood Lord  
  140  19:55  Spine Crawler  
  131  20:26  Corruptor x7  
  139  20:40  Corruptor x2  
  137  20:43  Brood Lord  
  139  21:07  Drone x5  
  139  21:08  Drone x5  
  139  21:09  Drone x4  
  139  21:10  Drone x2  
  139  21:11  Drone  
  156  21:12  Drone x2  
  158  21:19  Spine Crawler, Drone  
  158  21:20  Drone x3, Spine Crawler x2  
  158  21:22  Spine Crawler  
Tags
 
Add a new tag
Caveats
  • Supply blocks, unpowered buildings, or Contaminate may cause inaccurate times.
  • Supply counts are checked every 10 seconds.